 Dungeon Crawl Stone Soup version 0.29.0-7-g18a832c13a (webtiles) character file.

Game seed: 3492781283091954624

9921 Renzlar the Blocker (level 11, -4/89 HPs)
             Began as a Gnoll Fighter on Aug 31, 2022.
             Was an Elder of Okawaru.
             Slain by a cane toad (5 damage)
             ... on level 10 of the Dungeon.
             The game lasted 00:46:38 (11982 turns).

Renzlar the Blocker (Gnoll Fighter)                Turns: 11982, Time: 00:46:41

Health: -4/89      AC: 22    Str: 19    XL:     11   Next: 54%
Magic:  20/20      EV: 10    Int:  8    God:    Okawaru [****..]
Gold:   76         SH:  7    Dex: 18    Spells: 23/23 levels left

rFire   . . .      SeeInvis .   d - +4 scimitar (freeze)
rCold   . . .      Faith    .   u - +0 buckler
rNeg    . . .      Spirit   .   f - +0 chain mail
rPois   .          Reflect  .   q - +0 helmet
rElec   .          Harm     .   p - +2 cloak {rCorr}
rCorr   +          Rampage  .   (no gloves)
Will    .....                   F - +1 pair of boots
Stlth   +.........              n - amulet of regeneration
HPRegen 1.04/turn               A - +6 ring of dexterity
MPRegen 0.17/turn               m - +4 ring of protection

@: no status effects
A: fangs 1, strong nose, distributed training
a: Renounce Religion, Heroism, Finesse


You were on level 10 of the Dungeon.
You worshipped Okawaru.
Okawaru was greatly pleased with you.
You visited 3 branches of the dungeon, and saw 12 of its levels.

You collected 538 gold pieces.
You spent 462 gold pieces at shops.

Inventory:

Hand Weapons
 a - a +1 vorpal war axe
 c - a +0 sling
 d - a +4 scimitar of freezing (weapon)
 r - a +4 flail
 C - a +2 dagger of venom
Missiles
 t - 20 poisoned darts
 z - a throwing net
Armour
 b - a +0 scale mail
 f - a +0 chain mail (worn)
 g - the +5 ring mail "Loune" {rPois Str+3 Slay-6}
   (You bought it in a shop on level 3 of the Dungeon)

   Str:       It affects your strength (+3).
   Slay:      It affects your accuracy & damage with ranged weapons and melee
   (-6).
   rPois:     It protects you from poison.
 o - the +2 pair of gloves of Leaves {Harm rElec Regen+ Str-4}
   (You bought it in a shop on level 3 of the Dungeon)

   Str:       It affects your strength (-4).
   rElec:     It insulates you from electricity.
   Regen:     It increases your rate of health regeneration.
   Harm:      It increases damage dealt and taken.
 p - a +2 cloak of preservation (worn)
 q - a +0 helmet (worn)
 u - a +0 buckler (worn)
 F - a +1 pair of boots (worn)
Jewellery
 m - a +4 ring of protection (right hand)
 n - an amulet of regeneration (around neck)
 y - a ring of resist corrosion
 A - a +6 ring of dexterity (left hand)
 H - a ring of protection from fire
Wands
 k - a wand of flame (29)
 l - a wand of mindburst (13)
 G - a wand of paralysis (6)
Scrolls
 i - 8 scrolls of teleportation
 v - a scroll of blinking
 w - 2 scrolls of identify
 x - 2 scrolls of amnesia
Potions
 e - 8 potions of curing
 h - 3 potions of haste
 j - a potion of invisibility
 s - 2 potions of resistance
 B - a potion of flight
 D - 2 potions of berserk rage
 E - 3 potions of might


   Skills:
 + Level 9.4 Fighting
 + Level 6.6 Short Blades
 + Level 6.6 Long Blades
 + Level 8.1 Axes
 + Level 6.6 Maces & Flails
 + Level 6.6 Polearms
 + Level 6.6 Staves
 + Level 6.6 Ranged Weapons
 + Level 6.6 Throwing
 + Level 9.4 Armour
 + Level 6.6 Dodging
 + Level 6.6 Stealth
 + Level 9.4 Shields
 + Level 6.6 Unarmed Combat
 + Level 6.6 Spellcasting
 + Level 5.5 Conjurations
 + Level 5.5 Hexes
 + Level 5.5 Summonings
 + Level 5.5 Necromancy
 + Level 5.5 Translocations
 + Level 5.5 Transmutations
 + Level 5.5 Fire Magic
 + Level 5.5 Ice Magic
 + Level 5.5 Air Magic
 + Level 5.5 Earth Magic
 + Level 5.5 Poison Magic
 + Level 7.2 Invocations
 + Level 6.6 Evocations


You had 23 spell levels left.
You didn't know any spells.
Your spell library contained the following spells:

 Spells                   Type           Power      Damage    Failure   Level
 Shock                    Conj/Air       44%        1d5       24%         1
 Ensorcelled Hibernation  Hex/Ice        22%        N/A       34%         2
 Passwall                 Tmut/Erth      9%         N/A       34%         2
 Gell's Gravitas          Tloc           11%        N/A       56%         3
 Lesser Beckoning         Tloc           11%        N/A       56%         3
 Swiftness                Air            11%        N/A       56%         3
 Teleport Other           Tloc           11%        N/A       56%         3
 Airstrike                Air            5%         2d(1-17)  93%         4
 Leda's Liquefaction      Hex/Erth       5%         N/A       93%         4
 Lee's Rapid Deconstruct  Erth           5%         3d7*      100%        5
 Statue Form              Tmut/Erth      7%         N/A       100%        6


Dungeon Overview and Level Annotations

Branches:
Dungeon (10/15)            Temple (1/1) D:7            Lair (1/5) D:10
    Orc (0/2) D:9

Altars:
Cheibriados
Dithmenos
Elyvilon
Okawaru
Ru
Vehumet

Shops:
D:3 [(![!   D:8 [?(((


Innate Abilities, Weirdness & Mutations

You have very sharp teeth.
Your uncanny sense of smell can sniff out nearby items.
Your experience applies equally to all skills.


Message History

You barely miss the cane toad.
You feel very sick.
The black mamba bites you but does no damage.
The cane toad stings you but does no damage.
You block the black mamba's attack.
Your +4 scimitar of freezing glows with a cold blue light!
d - a +4 scimitar of freezing (weapon)
You feel sick.
The black mamba bites you but does no damage.
You slash the black mamba! You freeze the black mamba.
You kill the black mamba!
Okawaru accepts your kill.
You feel sick.
The cane toad stings you but does no damage.
The cane toad barely misses you.
You barely miss the cane toad.
The cane toad is lightly wounded.
You feel sick. You block the cane toad's attack.
You completely miss the cane toad.
The cane toad is lightly wounded.
You feel sick. You block the cane toad's attack.
You hit the cane toad but do no damage.
The cane toad is lightly wounded.
You feel sick. The cane toad misses you. The cane toad barely misses you.
You hit the cane toad.
The cane toad seems to slow down.
You freeze the cane toad.
The cane toad is moderately wounded.
You feel sick.
You hit the cane toad.
The cane toad seems to slow down.
You freeze the cane toad.
The cane toad is moderately wounded.
You feel sick. The cane toad stings you!
* * * LOW HITPOINT WARNING * * *
You hit the cane toad. You freeze the cane toad.
The cane toad is heavily wounded.
* * * LOW HITPOINT WARNING * * *
You feel sick.
You are no longer poisoned.
The cane toad stings you.
You die...

####.............P..##
####.....PP.P..P..#
##........P....# #..............#
###..(.......PP..##
##...PP.......P.P.P#
#...P...P......P...# ####
#.........F..P...P.#
.).###.#.P......@....P..#
##........P...P†....P..P# ##
###.....P.....P........# ##.
##..#................# ##..
#..##....P.........#######...
##.###.P......................
##..# ##...P...................
###...####.P.....................
......##...P......P...####....#..


You could see a cane toad (slow).

Vanquished Creatures
  A black mamba (D:10)
  2 gargoyles
  A komodo dragon (D:10)
  4 unseen horror zombies (D:8)
  A troll (D:9)
  A shadow (D:9)
  3 wyverns
  A wraith (D:9)
  A steam dragon (D:7)
  An acid dragon (D:10)
  5 water moccasins
  6 orc warriors
  3 sky beasts
  A hornet zombie (D:8)
  3 ice beasts
  4 black bears
  An ogre (D:6)
  5 wolves
  6 centaurs
  2 phantoms
  4 kobold brigands
  4 wyvern zombies (D:8)
  8 bullfrogs
  A necrophage (D:5)
  2 gnoll sergeants (D:9)
  2 scorpions
  14 wights
  3 howler monkeys
  3 centaur zombies (D:8)
  A jelly (D:7)
  A gnoll bouda (D:8)
  Crazy Yiuf (D:4)
  2 hounds
  5 orc priests
  3 iguanas
  5 orc wizards
  A killer bee zombie (D:8)
  2 howler monkey zombies (D:8)
  11 adders
  21 gnolls
  A white imp (D:7)
  An ufetubus (D:5)
  5 worms
  2 dart slugs
  51 orcs
  8 ball pythons
  4 bats
  4 endoplasms
  2 giant cockroaches
  8 goblins
  8 hobgoblins
  3 jackals
  3 quokkas
  4 frilled lizards
  27 kobolds
  4 rats
281 creatures vanquished.

Vanquished Creatures (others)
  An orc wizard (D:6)
  40 fungi
  44 plants (D:10)
  4 withered plants (D:8)
89 creatures vanquished.

Grand Total: 370 creatures vanquished

Notes
Turn   | Place    | Note
-------+----------+-------------------------------------------
     0 | D:1      | Renzlar the Gnoll Fighter began the quest for the Orb.
     0 | D:1      | Reached XP level 1. HP: 23/23 MP: 1/1
   133 | D:1      | Reached XP level 2. HP: 29/29 MP: 2/2
   529 | D:1      | Reached XP level 3. HP: 35/35 MP: 3/3
  1157 | D:2      | Reached skill level 1 in Invocations
  1182 | D:2      | Reached skill level 1 in Short Blades
  1182 | D:2      | Reached skill level 1 in Long Blades
  1182 | D:2      | Reached skill level 1 in Maces & Flails
  1182 | D:2      | Reached skill level 1 in Polearms
  1182 | D:2      | Reached skill level 1 in Staves
  1182 | D:2      | Reached skill level 1 in Ranged Weapons
  1182 | D:2      | Reached skill level 1 in Throwing
  1182 | D:2      | Reached skill level 1 in Dodging
  1182 | D:2      | Reached skill level 1 in Stealth
  1182 | D:2      | Reached skill level 1 in Unarmed Combat
  1182 | D:2      | Reached skill level 1 in Spellcasting
  1182 | D:2      | Reached skill level 1 in Evocations
  1183 | D:2      | Reached XP level 4. HP: 17/41 MP: 5/5
  1363 | D:2      | Found a faded altar of an unknown god.
  1717 | D:2      | Reached skill level 1 in Conjurations
  1717 | D:2      | Reached skill level 1 in Hexes
  1717 | D:2      | Reached skill level 1 in Summonings
  1717 | D:2      | Reached skill level 1 in Necromancy
  1717 | D:2      | Reached skill level 1 in Translocations
  1717 | D:2      | Reached skill level 1 in Transmutations
  1717 | D:2      | Reached skill level 1 in Fire Magic
  1717 | D:2      | Reached skill level 1 in Ice Magic
  1717 | D:2      | Reached skill level 1 in Air Magic
  1717 | D:2      | Reached skill level 1 in Earth Magic
  1717 | D:2      | Reached skill level 1 in Poison Magic
  2217 | D:3      | Found Hisio's Weapon Boutique.
  2221 | D:3      | Found Ufyo's Armour Boutique.
  2309 | D:3      | Found Gyorousk's Distillery.
  2313 | D:3      | Found Luewa's Antique Armour Shop.
  2318 | D:3      | Reached XP level 5. HP: 47/47 MP: 7/7
  2373 | D:3      | Found Weadidel's Distillery.
  3112 | D:4      | Reached skill level 5 in Axes
  3112 | D:4      | Reached XP level 6. HP: 29/53 MP: 7/9
  3535 | D:4      | Found a runed translucent door.
  3536 | D:4      | Noticed Crazy Yiuf
  3542 | D:4      | Killed Crazy Yiuf
  3760 | D:4      | Reached XP level 7. HP: 58/59 MP: 10/10
  3942 | D:5      | Entered Level 5 of the Dungeon
  4029 | D:5      | Found a radiant altar of Vehumet.
  4298 | D:3      | Bought a pair of spiked gloves for 237 gold pieces
  4298 | D:3      | Identified the +2 pair of gloves of Leaves {Harm rElec
                  | Regen+ Str-4} (You bought it in a shop on level 3 of the
                  | Dungeon)
  4552 | D:5      | Identified the +3 quarterstaff of Fituvuha {vorpal, Int+4}
  4759 | D:5      | Found a shadowy altar of Dithmenos.
  5596 | D:6      | Reached XP level 8. HP: 52/67 MP: 12/12
  6966 | D:7      | Reached XP level 9. HP: 73/73 MP: 14/14
  7296 | D:7      | Noticed a gargoyle
  7312 | D:7      | Killed a gargoyle
  7537 | D:7      | Reached skill level 5 in Invocations
  7858 | D:7      | Found a staircase to the Ecumenical Temple.
  7867 | Temple   | Entered the Ecumenical Temple
  7893 | Temple   | Became a worshipper of Warmaster Okawaru
  8292 | D:8      | Reached skill level 5 in Short Blades
  8292 | D:8      | Reached skill level 5 in Long Blades
  8292 | D:8      | Reached skill level 5 in Maces & Flails
  8292 | D:8      | Reached skill level 5 in Polearms
  8292 | D:8      | Reached skill level 5 in Staves
  8292 | D:8      | Reached skill level 5 in Ranged Weapons
  8292 | D:8      | Reached skill level 5 in Throwing
  8292 | D:8      | Reached skill level 5 in Dodging
  8292 | D:8      | Reached skill level 5 in Stealth
  8292 | D:8      | Reached skill level 5 in Unarmed Combat
  8292 | D:8      | Reached skill level 5 in Spellcasting
  8292 | D:8      | Reached skill level 5 in Evocations
  8292 | D:8      | Reached XP level 10. HP: 81/81 MP: 17/17
  8353 | D:8      | Found Zownimu's Weapon Emporium.
  8379 | D:8      | Reached * piety under Okawaru
  8408 | D:8      | Found Ziotoit's Weapon Shop.
  8419 | D:8      | Found Yghusse's Weapon Emporium.
  8643 | D:8      | Found a sacrificial altar of Ru.
  8711 | D:8      | Found Ping's Magic Scroll Shoppe.
  8768 | D:8      | Reached ** piety under Okawaru
  9099 | D:8      | Found Riteush's Antique Armour Emporium.
  9475 | D:9      | Reached *** piety under Okawaru
  9528 | D:9      | Found a staircase to the Orcish Mines.
  9674 | D:9      | Reached skill level 5 in Conjurations
  9674 | D:9      | Reached skill level 5 in Hexes
  9674 | D:9      | Reached skill level 5 in Summonings
  9674 | D:9      | Reached skill level 5 in Necromancy
  9674 | D:9      | Reached skill level 5 in Translocations
  9674 | D:9      | Reached skill level 5 in Transmutations
  9674 | D:9      | Reached skill level 5 in Fire Magic
  9674 | D:9      | Reached skill level 5 in Ice Magic
  9674 | D:9      | Reached skill level 5 in Air Magic
  9674 | D:9      | Reached skill level 5 in Earth Magic
  9674 | D:9      | Reached skill level 5 in Poison Magic
  9733 | D:9      | Reached XP level 11. HP: 83/89 MP: 20/20
  9905 | D:9      | Found a snail-covered altar of Cheibriados.
 10101 | D:9      | Found a flagged portal.
 10612 | D:10     | Entered Level 10 of the Dungeon
 10747 | D:9      | Reached **** piety under Okawaru
 10858 | D:10     | Found a staircase to the Lair.
 11109 | D:3      | Bought a spiked ring mail for 225 gold pieces
 11109 | D:3      | Identified the +5 ring mail "Loune" {rPois Str+3 Slay-6}
                  | (You bought it in a shop on level 3 of the Dungeon)
 11892 | Lair:1   | Entered Level 1 of the Lair of Beasts
 11981 | D:10     | HP: 1/89 [cane toad (16)]
 11982 | D:10     | Slain by a cane toad

Illustrated notes

Levels and vault maps discovered:
D:1:      lightli_molten_gateway, layout_basic
D:2:      layout_loops_corners, nicolae_ecumenical_snake_handling
D:3:      layout_basic, serial_shops, nicolae_shop_trees, shop, shop,
          shop_statue, shop
D:4:      layout_rooms, nicolae_figureground_pulse, uniq_crazy_yiuf_cottage
D:5:      layout_layer_cave, kennysheep_mini_moat, vehumet_crystals
D:6:      layout_loops_corners, columned_hall_lemuel
D:7:      layout_basic, lemuel_temple_firewalk_b
D:8:      layout_loops_ring, nicolae_ru_sacrificial_ziggurat, serial_shops,
          nicolae_shop_trees, nicolae_shop_waterfront, shop, nicolae_shop_stone,
          shop, serial_undead, serial_undead_c, serial_undead_f,
          serial_undead_c, serial_undead_e, serial_undead_d, serial_undead_a
D:9:      layout_loops_ring, overflow_temple_1_default, hiddenorc1_lemuel,
          enter_bailey_4, serial_park_tiny_pond, grunt_ministairs_3
D:10:     layout_layer_cave, due_lair_maze_entry_diamond,
          kennysheep_generic_room_15
Temple:   mainiacjoe_temple_bowtie_tessellation
Lair:1:   layout_cave_pods, disabler_island, serial_bayou_shore_a,
          grunt_megastairs_3, uniq_fannar

Skill      XL: |  1  2  3  4  5  6  7  8  9 10 11 |
---------------+----------------------------------+-----
Invocations    | 1 2 3 4 5 6 7 |  7.2
Short Blades   | 1 2 3 5 6 |  6.6
Long Blades    | 1 2 3 5 6 |  6.6
Maces & Flails | 1 2 3 5 6 |  6.6
Polearms       | 1 2 3 5 6 |  6.6
Staves         | 1 2 3 5 6 |  6.6
Ranged Weapons | 1 2 3 5 6 |  6.6
Throwing       | 1 2 3 5 6 |  6.6
Dodging        | 1 2 3 5 6 |  6.6
Stealth        | 1 2 3 5 6 |  6.6
Unarmed Combat | 1 2 3 5 6 |  6.6
Spellcasting   | 1 2 3 5 6 |  6.6
Evocations     | 1 2 3 5 6 |  6.6
Conjurations   | 1 2 3 4 5 |  5.5
Hexes          | 1 2 3 4 5 |  5.5
Summonings     | 1 2 3 4 5 |  5.5
Necromancy     | 1 2 3 4 5 |  5.5
Translocations | 1 2 3 4 5 |  5.5
Transmutations | 1 2 3 4 5 |  5.5
Fire Magic     | 1 2 3 4 5 |  5.5
Ice Magic      | 1 2 3 4 5 |  5.5
Air Magic      | 1 2 3 4 5 |  5.5
Earth Magic    | 1 2 3 4 5 |  5.5
Poison Magic   | 1 2 3 4 5 |  5.5
Axes           | 5 6 7 8 |  8.1
Fighting       | 7 8 9 |  9.4
Armour         | 7 8 9 |  9.4
Shields        | 7 8 9 |  9.4

Action                   |  1- 3 |  4- 6 |  7- 9 | 10-12 || total
-------------------------+-------+-------+-------+-------++-------
Melee: War axe           |    68 |   171 |   280 |   347 ||   866
       Bite              |     2 |    14 |    37 |    65 ||   118
       Flail             |       |       |       |    20 ||    20
       Morningstar       |       |       |       |     6 ||     6
       Scimitar          |       |       |       |   182 ||   182
 Fire: Sling             |       |       |    77 |    71 ||   148
Invok: Heroism           |       |       |       |     1 ||     1
Evoke: Wand              |       |       |     1 |       ||     1
  Use: Scroll            |     8 |     4 |     9 |     3 ||    24
       Potion            |       |     1 |     2 |     1 ||     4
Armor: Scale mail        |    11 |       |       |       ||    11
       Chain mail        |    16 |    63 |   177 |   333 ||   589
Dodge: Dodged            |    26 |    72 |   167 |   354 ||   619
Block: Buckler           |    17 |    45 |    74 |   186 ||   322
